 Dungeon Crawl Stone Soup version 0.17.1-3-g152610e (webtiles) character file.

5679 Mechanique the Destroyer (level 10, -5/63 HPs)
             Began as a Mummy Conjurer on Mar 11, 2016.
             Was a Follower of Vehumet.
             Slain by a killer bee (7 damage)
             ... on level 7 of the Dungeon on Mar 14, 2016.
             The game lasted 01:55:12 (23015 turns).

Mechanique the Destroyer (Mummy Conjurer)          Turns: 23015, Time: 01:55:12

Health: -5/63      AC:  8    Str: 11    XL:     10   Next: 47%
Magic:  0/17       EV: 13    Int: 23    God:    Vehumet [*.....]
Gold:   378        SH:  7    Dex: 13    Spells: 4 memorised, 6 levels left

rFire  + . .     SeeInvis .     u - staff of wizardry
rCold  . . .     Clarity  .     a - +0 robe
rNeg   + + +     SustAt   .     r - +2 buckler {reflect}
rPois  ∞         Gourm    .     w - +2 helmet "Ofixomuh" {Int+5}
rElec  .         Spirit   .     l - +1 cloak
rCorr  .         Warding  .     n - +0 pair of gloves
rMut   .         Stasis   .     (no boots)
MR     +....                    (no amulet)
Stlth  ++........               s - ring of fire
                                h - ring of protection from fire

@: somewhat resistant to hostile enchantments, unstealthy
A: no food or potions, fire vulnerability, cold resistance 1, negative energy
resistance 3, torment resistance, unbreathing
a: Renounce Religion


You were on level 7 of the Dungeon.
You worshipped Vehumet.
Vehumet was aware of your devotion.
You were not hungry.

You visited 2 branches of the dungeon, and saw 9 of its levels.

You collected 459 gold pieces.
You spent 81 gold pieces at shops.

Inventory:

Hand Weapons
 c - a +2 dagger of venom
 f - a +2 dagger of venom
 k - a +4 quarterstaff of chaos
 m - a +1 mace of draining
 o - a +2 whip of freezing
 t - a +1 flail of protection
 x - a +2 dagger of venom
Armour
 a - a +0 robe (worn)
 l - a +1 cloak (worn)
 n - a +0 pair of gloves (worn)
 r - a +2 buckler of reflection (worn)
 w - the +2 helmet "Ofixomuh" (worn) {Int+5}
   (You found it on level 5 of the Dungeon)

   It affects your intelligence (+5).
Magical Staves
 u - an uncursed staff of wizardry (weapon)
Jewellery
 g - an uncursed ring of poison resistance
 h - a ring of protection from fire (left hand)
 q - an uncursed ring of magical power {unknown}
 s - a ring of fire (right hand)
Wands
 j - a wand of magic darts (15)
 v - a wand of random effects (37)
Scrolls
 d - a scroll of enchant armour
 e - 14 scrolls of identify
 i - 4 scrolls of fog
 p - 3 scrolls of remove curse
 y - a scroll of silence {unknown}
Books
 b - a book of Conjurations

   Spells                             Type                      Level
   a - Magic Dart                     Conjuration                  1
   b - Searing Ray                    Conjuration                  2
   c - Dazzling Spray                 Conjuration/Hexes            3
   d - Fulminant Prism                Conjuration/Hexes            4
   e - Iskenderun's Mystic Blast      Conjuration                  4
   f - Iskenderun's Battlesphere      Conjuration/Charms           5


   Skills:
 - Level 2.7 Dodging
 - Level 1.5 Stealth
 - Level 4.4 Shields
 + Level 4.7 Spellcasting
 + Level 9.0 Conjurations
 - Level 8.0 Charms


You had 6 spell levels left.
You knew the following spells:

 Your Spells              Type           Power        Failure   Level  Hunger
a - Magic Dart            Conj           ####         1%          1    N/A
b - Iskenderun's Mystic   Conj           #####...     1%          4    N/A
c - Iskenderun's Battles  Conj/Chrm      #####...     4%          5    N/A
d - Searing Ray           Conj           #####.       1%          2    N/A

Dungeon Overview and Level Annotations

Branches:
Dungeon (8/15)             Temple (1/1) D:7
   Lair: D:8-11

Altars:
Ashenzari
Cheibriados
Dithmenos
Elyvilon
Fedhas
Gozag
Kikubaaqudgha
Makhleb
Nemelex Xobeh
Okawaru
Qazlal
Ru
Sif Muna
Trog
Vehumet
Xom
Yredelemnul
Zin
The Shining One

Shops:
D:4 [   D:5 :


Innate Abilities, Weirdness & Mutations

You do not eat or drink.
Your flesh is vulnerable to fire.
You are immune to poison.
Your flesh is cold resistant.
You are immune to negative energy.
You are immune to unholy pain and torment.
You can survive without breathing.


Message History

The killer bee is almost dead.
The killer bee barely misses you. The killer bee completely misses you.
The killer bee stings you.
* * * LOW HITPOINT WARNING * * *
You closely miss the killer bee.
The killer bee is almost dead.
You block the killer bee's attack. The killer bee misses you.
The killer bee stings you.
* * * LOW HITPOINT WARNING * * *
The killer bee stings you.
* * * LOW HITPOINT WARNING * * *
Casting: Iskenderun's Mystic Blast
Confirm with . or Enter, or press ? or * to list all spells.
Aiming: Magic Dart
Press: ? - help, Shift-Dir - straight line, f/p - killer bee
Aim: a killer bee (almost dead, berserk, fast, unusually strong)
The magic dart hits the killer bee.
The killer bee is almost dead.
You block the killer bee's attack. The killer bee stings you!
You die...

#.........#..#.##...# ####..
#.........##.#.##...# #.....
##############.#.##...#
#.#### .......# #.#.###[##
#.# .#####.# #.......#### #.#
.†..##.# ##.........# #.# ##
....##.# #.........####.# #.
....##.# ##............#.###.
######.# #..@#...###)#.#.....
#.# ####...y.......#.......
#.# #.........#.#..########
#.# #.#.......#.#(.....#
#.####.#......)..#..)...#
#......##......###......#
############.### #.#....####
#########.#####.#.......#
#####...[...#...(...#....##.#


You could see a killer bee (berserk).

Vanquished Creatures
  The ghost of Edwards80 the Charlatan, a novice DDAr of the Shining One (D:6)
  Pikel (D:4)
  Grinder (D:3)
  A deep elf mage (D:5)
  Eustachio (D:5)
  A hippogriff (D:6)
  Menkaure (D:6)
  Edmund (D:4)
  Duvessa (D:6)
  A sky beast (D:7)
  2 phantoms
  6 ogres
  A necrophage (D:7)
  2 orc warriors
  An ice beast (D:6)
  A slave (D:4)
  3 centaurs
  A big kobold (D:4)
  Blork the orc (D:3)
  5 giant frogs
  2 scorpions (D:7)
  A killer bee (D:8)
  Dowan (D:6)
  The ghost of dricus the Cudgeler, a weakling MiBe of Trog (D:3)
  3 vampire bats (D:6)
  A giant frog zombie (D:6)
  A crimson imp (D:7)
  6 hounds
  6 orc wizards
  A centaur skeleton (D:7)
  Crazy Yiuf (D:2)
  A gnoll shaman (D:7)
  2 iguanas
  A centaur zombie (D:6)
  A giant frog skeleton (D:7)
  An orc priest (D:7)
  Terence (D:2)
  9 worker ants
  Robin (D:3)
  16 gnolls
  16 adders
  An ooze (D:4)
  An adder zombie (D:5)
  4 worms
  21 orcs
  A ball python (D:3)
  12 bats
  3 bat skeletons (D:6)
  2 bat zombies (D:6)
  8 giant cockroaches
  26 goblins
  18 hobgoblins
  13 kobolds
  A ball python skeleton (D:4)
  6 giant geckos
  A giant gecko skeleton (D:4)
  A giant gecko zombie (D:5)
  10 giant newts
  7 jackals
  8 quokkas
  17 rats
267 creatures vanquished.

Vanquished Creatures (others)
  2 slaves (D:5)
  3 centaurs
  A hound zombie (D:5)
  A gnoll (D:5)
  A ball python (D:5)
  A giant newt (D:5)
9 creatures vanquished.

Grand Total: 276 creatures vanquished

Notes
Turn   | Place    | Note
--------------------------------------------------------------
     0 | D:1      | Mechanique the Mummy Conjurer began the quest for the Orb.
     0 | D:1      | Reached XP level 1. HP: 13/13 MP: 3/3
   294 | D:1      | Reached XP level 2. HP: 19/19 MP: 3/5
  1061 | D:1      | Reached XP level 3. HP: 24/24 MP: 4/6
  1932 | D:2      | Reached XP level 4. HP: 23/30 MP: 2/8
  2136 | D:2      | Found a faded altar to an unknown god.
  2159 | D:2      | Found a stormy altar of Qazlal.
  2568 | D:2      | Noticed Crazy Yiuf
  2576 | D:2      | HP: 1/30 [Crazy Yiuf/quarterstaff of chaos (1)]
  2577 | D:2      | Killed Crazy Yiuf
  2901 | D:3      | Reached skill level 4 in Conjurations
  2917 | D:3      | Noticed dricus's ghost (weakling MiBe)
  3514 | D:3      | Learned a level 4 spell: Iskenderun's Mystic Blast
  3865 | D:3      | Reached skill level 1 in Shields
  3875 | D:3      | Reached XP level 5. HP: 35/35 MP: 1/9
  4183 | D:3      | Noticed Terence
  4418 | D:3      | Learned a level 5 spell: Iskenderun's Battlesphere
  5548 | D:3      | Noticed Robin
  6302 | D:3      | Killed Robin
  6437 | D:3      | Noticed Grinder
  6512 | D:2      | Killed Terence
  6512 | D:2      | Reached skill level 1 in Charms
  6628 | D:3      | Paralysed by Grinder for 7 turns
  6800 | D:3      | Killed Grinder
  6800 | D:3      | Reached skill level 5 in Conjurations
  6800 | D:3      | Reached XP level 6. HP: 17/41 MP: 0/10
  8397 | D:4      | Found a blossoming altar of Fedhas.
  8418 | D:4      | Reached XP level 7. HP: 28/46 MP: 0/11
  8775 | D:4      | Found Leziazuu's Antique Armour Emporium.
  8781 | D:4      | Bought a runed buckler for 81 gold pieces
  8925 | D:4      | Noticed Edmund
  8929 | D:4      | Noticed Blork the orc
  9461 | D:3      | Killed dricus's ghost
  9603 | D:4      | Reached skill level 6 in Conjurations
  9750 | D:3      | Killed Blork the orc
 10120 | D:4      | Killed Edmund
 10289 | D:4      | Found a sparkling altar of Nemelex Xobeh.
 10630 | D:5      | Entered Level 5 of the Dungeon
 10824 | D:5      | Reached XP level 8. HP: 52/52 MP: 3/12
 10936 | D:5      | Found Zyotut's Book Shoppe.
 11039 | D:5      | Noticed Eustachio
 11179 | D:5      | Killed Eustachio
 11446 | D:5      | Got a bloodstained helmet
 11457 | D:5      | Identified the +2 helmet "Ofixomuh" {Int+5} (You found it on level 5 of the Dungeon)
 11507 | D:5      | Noticed Pikel
 11640 | D:4      | Killed Pikel
 12134 | D:5      | Reached skill level 7 in Conjurations
 12480 | D:5      | Reached XP level 9. HP: 57/57 MP: 1/13
 13079 | D:6      | Noticed Duvessa
 13079 | D:6      | Noticed Dowan
 13092 | D:6      | Killed Dowan
 13092 | D:6      | Reached skill level 5 in Charms
 13190 | D:6      | Noticed Edwards80's ghost (novice DDAr)
 13774 | D:5      | Learned a level 2 spell: Searing Ray
 15404 | D:6      | Found an ancient bone altar of Kikubaaqudgha.
 15560 | D:6      | Noticed Menkaure
 15562 | D:6      | Killed Menkaure
 15694 | D:6      | Killed Duvessa
 17488 | D:6      | Found an iron altar of Okawaru.
 18131 | D:7      | Found a staircase to the Ecumenical Temple.
 18198 | Temple   | Entered the Ecumenical Temple
 18269 | Temple   | Became a worshipper of Vehumet
 18402 | D:7      | Reached skill level 8 in Conjurations
 19563 | D:7      | Reached XP level 10. HP: 48/63 MP: 2/14
 20159 | D:7      | Reached * piety under Vehumet
 20159 | D:7      | Offered knowledge of Sandblast by Vehumet.
 21830 | D:6      | Killed Edwards80's ghost
 22820 | D:7      | Reached skill level 9 in Conjurations
 23014 | D:7      | HP: 3/63 [killer bee (4)]
 23015 | D:7      | Slain by a killer bee

Action                   |  1- 3 |  4- 6 |  7- 9 | 10-12 || total
-------------------------+-------+-------+-------+-------++-------
Melee: Club              |    22 |       |       |       ||    22
       Unarmed           |    10 |       |       |       ||    10
       Dagger            |     2 |    97 |    96 |       ||   195
       Flail             |       |       |   116 |       ||   116
       Quarterstaff      |       |       |     9 |       ||     9
       Mace              |       |       |     4 |       ||     4
       Staff             |       |       |       |    23 ||    23
 Cast: Magic Dart        |    84 |   228 |   383 |   158 ||   853
       Iskenderun's Myst |       |    10 |    56 |    10 ||    76
       Iskenderun's Batt |       |       |     8 |     9 ||    17
       Searing Ray       |       |       |     3 |       ||     3
Evoke: Wand              |       |       |     5 |       ||     5
  Use: Scroll            |       |     2 |     7 |       ||     9
